 Dungeon Crawl Stone Soup version 0.28.0-53-g5a82cb258f (webtiles) character file.

Game seed: 3309893396295546012

819 Woods the Insei (level 7, -2/53 HPs)
             Began as a Gnoll Transmuter on May 20, 2022.
             Succumbed to a water moccasin's poison
             ... on level 5 of the Dungeon.
             The game lasted 00:10:41 (5968 turns).

Woods the Insei (Gnoll Transmuter)                  Turns: 5968, Time: 00:10:42

Health: -2/53      AC:  2    Str:  6 (9)  XL:     7   Next: 95%
Magic:  15/15      EV: 13    Int: 13 (15) God:
Gold:   108        SH:  0    Dex:  9 (12) Spells: 11/17 levels left

rFire   . . .      SeeInvis .     - Unarmed
rCold   . . .      Faith    .   (no shield)
rNeg    . . .      Spirit   .   a - +0 robe
rPois   .          Reflect  .   (helmet currently unavailable)
rElec   .          Harm     .   (no cloak)
rCorr   .          Rampage  .   (no gloves)
Will    .....                   (boots currently unavailable)
Stlth   ++........              (no amulet)
HPRegen 0.17/turn               (no ring)
MPRegen 0.14/turn               (no ring)

@: brilliant, lethally poisoned (-2 -> -15), appendages
A: horns 2, talons 2, fangs 1, strong nose, distributed training
a: End Transformation


You were on level 5 of the Dungeon.
You had temporarily grown beastly horns and talons.
You visited 1 branch of the dungeon, and saw 5 of its levels.

You collected 108 gold pieces.

Inventory:

Armour
 a - a +0 robe (worn)
 c - a +2 pair of boots of stealth (melded)
Wands
 m - a wand of flame (13)
 o - a wand of acid (8)
 q - a wand of digging (2)
Scrolls
 b - 2 scrolls of teleportation
 d - a scroll of fear {unknown}
 e - a scroll of immolation {unknown}
 f - a scroll of summoning {unknown}
 i - 3 scrolls of enchant weapon {unknown}
 p - a scroll of amnesia {unknown}
Potions
 g - a potion of resistance {unknown}
 h - a potion of flight {unknown}
 j - 2 potions of magic
 k - a potion of curing {unknown}
 l - a potion of brilliance
 n - a potion of degeneration
 r - 2 potions of heal wounds {unknown}


   Skills:
 + Level 3.9 Fighting
 + Level 2.8 Short Blades
 + Level 2.8 Long Blades
 + Level 2.8 Axes
 + Level 2.8 Maces & Flails
 + Level 2.8 Polearms
 + Level 2.8 Staves
 + Level 2.8 Slings
 + Level 2.8 Bows
 + Level 2.8 Crossbows
 + Level 2.8 Throwing
 + Level 2.8 Armour
 + Level 5.4 Dodging
 + Level 2.8 Stealth
 + Level 2.8 Shields
 + Level 7.2 Unarmed Combat
 + Level 5.8 Spellcasting
 + Level 2.3 Conjurations
 + Level 2.3 Hexes
 + Level 2.3 Summonings
 + Level 2.3 Necromancy
 + Level 2.3 Translocations
 + Level 4.4 Transmutations
 + Level 2.3 Fire Magic
 + Level 2.3 Ice Magic
 + Level 2.3 Air Magic
 + Level 2.3 Earth Magic
 + Level 2.3 Poison Magic
 + Level 3.1 Invocations
 + Level 2.8 Evocations


You had 11 spell levels left.
You knew the following spells:

 Your Spells              Type           Power      Damage    Failure   Level
a - Beastly Appendage     Tmut           46%        N/A       2%          1
b - Wereblood             Tmut           23%        N/A       4%          2
c - Spider Form           Tmut/Pois      18%        N/A       13%         3

Your spell library contained the following spells:

 Spells                   Type           Power      Damage    Failure   Level
 Sting                    Tmut/Pois      72%        1d6       4%          1
 Ice Form                 Ice/Tmut       18%        N/A       38%         4


Dungeon Overview and Level Annotations

Branches:
Dungeon (5/15)
 Temple: D:4-7

Altars:

Annotations:
D:3 exclusion: steam dragon
D:4 2 runed translucent doors, haplo13's ghost, novice DgHu


Innate Abilities, Weirdness & Mutations

You have temporarily grown beastly horns and talons.
You have very sharp teeth.
Your uncanny sense of smell can sniff out nearby items.
Your experience applies equally to all skills.


Message History

You miss the water moccasin. Your kick misses the water moccasin.
You feel very sick. The water moccasin barely misses you.
You barely miss the water moccasin. You claw the water moccasin.
The water moccasin is lightly wounded.
You feel sick. The water moccasin closely misses you.
You hit the water moccasin. You claw the water moccasin.
The water moccasin is moderately wounded.
You feel sick. The water moccasin bites you.
You are more poisoned.
The water moccasin poisons you!
You closely miss the water moccasin. Your kick misses the water moccasin.
You punch the water moccasin, but do no damage.
Your bite misses the water moccasin.
The water moccasin is moderately wounded.
You feel very sick.
The water moccasin bites you but does no damage.
The water moccasin bites you.
You are lethally poisoned!
The water moccasin poisons you!
It was a potion of magic.
Magic courses through your body.
You feel very sick.
The water moccasin bites you but does no damage.
As you read the scroll labelled TOETORCH VOUZI, it crumbles to dust.
You feel strangely unstable.
It was a scroll of teleportation.
* * * LOW HITPOINT WARNING * * *
You feel very sick. The water moccasin bites you.
* * * LOW HITPOINT WARNING * * *
It was a potion of brilliance.
You feel clever all of a sudden.
* * * LOW HITPOINT WARNING * * *
You feel very sick. The water moccasin closely misses you.
The water moccasin bites you!
* * * LOW HITPOINT WARNING * * *
It was a potion of degeneration.
There was something very wrong with that liquid.
You feel weakened.
You feel dopey.
You feel clumsy.
Your surroundings seem slightly different.
You die...

..#.....[#
##..#..#.##
...###....#
##..#..#..# ∆
##...##..# ###
####.###.####+####..
.....# #.#.......#.#
###### #.#.⌠...⌠.#.#
#.#......@#.#
#.'...⌠...'.#
###.......#§#
#.⌠...⌠.#S#
#.......#.#
####+####.# ..# ###


You could see a water moccasin.

Vanquished Creatures
  Sigmund (D:4)
  Eustachio (D:4)
  A phantom (D:4)
  A bullfrog skeleton (D:5)
  2 orc priests (D:4)
  A hound (D:4)
  A jelly (D:4)
  Jessica (D:2)
  Natasha (thrice) (D:3)
  Robin (D:4)
  8 adders
  3 gnolls (D:4)
  2 dart slugs
  10 orcs
  8 ball pythons
  5 endoplasms
  2 giant cockroaches (D:2)
  8 goblins
  10 hobgoblins
  7 jackals
  5 kobolds
  5 quokkas
  3 bats
  A frilled lizard (D:1)
  5 rats
95 creatures vanquished.

Vanquished Creatures (others)
  A plant (D:1)
1 creature vanquished.

Grand Total: 96 creatures vanquished

Notes
Turn   | Place    | Note
-------+----------+-------------------------------------------
     0 | D:1      | Woods the Gnoll Transmuter began the quest for the Orb.
     0 | D:1      | Reached XP level 1. HP: 17/17 MP: 6/6
   184 | D:1      | Found a faded altar of an unknown god.
   192 | D:1      | Got Plato's Compendium of the Hierophant
   269 | D:1      | Reached XP level 2. HP: 23/23 MP: 7/7
   272 | D:1      | Learned a level 2 spell: Wereblood
   917 | D:2      | Noticed Jessica
   919 | D:2      | Reached skill level 5 in Spellcasting
   919 | D:2      | Reached XP level 3. HP: 28/28 MP: 6/9
   930 | D:2      | Reached skill level 1 in Invocations
   938 | D:2      | Killed Jessica
   939 | D:2      | Reached skill level 1 in Short Blades
   939 | D:2      | Reached skill level 1 in Long Blades
   939 | D:2      | Reached skill level 1 in Axes
   939 | D:2      | Reached skill level 1 in Maces & Flails
   939 | D:2      | Reached skill level 1 in Polearms
   939 | D:2      | Reached skill level 1 in Staves
   939 | D:2      | Reached skill level 1 in Slings
   939 | D:2      | Reached skill level 1 in Bows
   939 | D:2      | Reached skill level 1 in Crossbows
   939 | D:2      | Reached skill level 1 in Throwing
   939 | D:2      | Reached skill level 1 in Armour
   939 | D:2      | Reached skill level 1 in Stealth
   939 | D:2      | Reached skill level 1 in Shields
   939 | D:2      | Reached skill level 1 in Evocations
   939 | D:2      | Reached XP level 4. HP: 34/34 MP: 7/11
  1237 | D:2      | Reached skill level 1 in Conjurations
  1237 | D:2      | Reached skill level 1 in Hexes
  1237 | D:2      | Reached skill level 1 in Summonings
  1237 | D:2      | Reached skill level 1 in Necromancy
  1237 | D:2      | Reached skill level 1 in Translocations
  1237 | D:2      | Reached skill level 1 in Fire Magic
  1237 | D:2      | Reached skill level 1 in Ice Magic
  1237 | D:2      | Reached skill level 1 in Air Magic
  1237 | D:2      | Reached skill level 1 in Earth Magic
  1237 | D:2      | Reached skill level 1 in Poison Magic
  2273 | D:3      | Reached XP level 5. HP: 37/40 MP: 12/12
  2387 | D:3      | Noticed a steam dragon
  2658 | D:3      | Noticed Natasha
  2663 | D:3      | Killed Natasha
  2908 | D:3      | Noticed Natasha
  2914 | D:3      | Killed Natasha
  3027 | D:3      | Noticed Natasha
  3040 | D:3      | Killed Natasha
  3104 | D:4      | Reached XP level 6. HP: 34/47 MP: 11/13
  3499 | D:4      | Noticed Robin
  3522 | D:4      | Killed Robin
  3660 | D:4      | Noticed Sigmund
  3668 | D:4      | Learned a level 3 spell: Spider Form
  3677 | D:4      | Killed Sigmund
  3678 | D:4      | Reached skill level 5 in Dodging
  3967 | D:4      | Reached XP level 7. HP: 52/52 MP: 13/15
  4276 | D:4      | Reached skill level 7 in Unarmed Combat
  4841 | D:4      | Noticed Eustachio
  4869 | D:4      | Killed Eustachio
  5169 | D:4      | Found a large runed translucent door.
  5170 | D:4      | Found a large runed translucent door.
  5172 | D:4      | Noticed haplo13's ghost (novice DgHu)
  5689 | D:5      | Entered Level 5 of the Dungeon
  5967 | D:5      | HP: 1/53 [water moccasin (8)]
  5968 | D:5      | Succumbed to a water moccasin's poison

Illustrated notes

Levels and vault maps discovered:
D:1:      dpeg_arrival_chambers_temple_mockup, layout_basic,
          shapermc_ecumenical_altar_rom_forum
D:2:      layout_basic, uniq_jessica
D:3:      layout_loops_ring, uniq_natasha
D:4:      layout_loops_ring, ebering_ghost_disaster_area, dk_noncrumbling_3,
          grunt_tough_drop, uniq_eustachio, uniq_sigmund, uniq_robin
D:5:      minmay_diamond_boxcup, layout_loops_ring, makhleb_blood_cavern_becter,
          minmay_misc_feat_more_columns, minmay_fountain_box, minmay_small_thing

Skill      XL: |  1  2  3  4  5  6  7 |
---------------+----------------------+-----
Spellcasting   | 5 |  5.8
Invocations    | 1 2 3 |  3.1
Short Blades   | 1 2 |  2.8
Long Blades    | 1 2 |  2.8
Axes           | 1 2 |  2.8
Maces & Flails | 1 2 |  2.8
Polearms       | 1 2 |  2.8
Staves         | 1 2 |  2.8
Slings         | 1 2 |  2.8
Bows           | 1 2 |  2.8
Crossbows      | 1 2 |  2.8
Throwing       | 1 2 |  2.8
Armour         | 1 2 |  2.8
Stealth        | 1 2 |  2.8
Shields        | 1 2 |  2.8
Evocations     | 1 2 |  2.8
Conjurations   | 1 2 |  2.3
Hexes          | 1 2 |  2.3
Summonings     | 1 2 |  2.3
Necromancy     | 1 2 |  2.3
Translocations | 1 2 |  2.3
Fire Magic     | 1 2 |  2.3
Ice Magic      | 1 2 |  2.3
Air Magic      | 1 2 |  2.3
Earth Magic    | 1 2 |  2.3
Poison Magic   | 1 2 |  2.3
Fighting       | 3 |  3.9
Transmutations | 4 |  4.4
Dodging        | 5 |  5.4
Unarmed Combat | 7 |  7.2

Action                   |  1- 3 |  4- 6 |  7- 9 || total
-------------------------+-------+-------+-------++-------
Melee: Unarmed           |    63 |   122 |   102 ||   287
       Headbutt          |     5 |    12 |     8 ||    25
       Kick              |     7 |    22 |    19 ||    48
       Punch             |     1 |     4 |     3 ||     8
       Bite              |     1 |    10 |     2 ||    13
 Cast: Beastly Appendage |     9 |    22 |     9 ||    40
       Wereblood         |     2 |     1 |       ||     3
       Spider Form       |       |     1 |     5 ||     6
  Use: Potion            |       |       |     3 ||     3
       Scroll            |       |       |     1 ||     1
 Stab: Sleeping          |     1 |     5 |       ||     6
Armor: Robe              |    11 |    20 |     3 ||    34
       Skin              |       |     1 |       ||     1
Dodge: Dodged            |    38 |    71 |    56 ||   165
